 Dungeon Crawl Stone Soup version 0.30-a0-341-g682706514a (webtiles) character file.

Game seed: 4413867406025291856

539904 bimpf the Slayer (level 24, -1/244 HPs)
             Began as a Minotaur Berserker on Nov 1, 2022.
             Was a High Priest of Trog.
             Slain by a purple draconian
             ... wielding a +1 hand axe of flaming
              (3 damage)
             ... on level 1 of the Realm of Zot.
             The game lasted 06:20:35 (111153 turns).

bimpf the Slayer (Minotaur Berserker)             Turns: 111153, Time: 06:20:36

Health: -1/244     AC: 40    Str: 37    XL:     24   Next: 70%
Magic:  22/22      EV: 18    Int:  4    God:    Trog [*****.]
Gold:   7540       SH: 27    Dex: 11    Spells: 23/23 levels left

rFire   + + .      SeeInvis .    a - +9 broad axe (chaos)
rCold   + + .      Faith    .    D - +5 kite shield {rC+}
rNeg    + . .      Spirit   .    Y - +10 plate armour {rC+}
rPois   .          Reflect  +    (helmet restricted)
rElec   .          Harm     .    m - +0 cloak of Servitude {rF+}
rCorr   .          Rampage  .    v - +3 pair of gauntlets of War {Slay+5}
Will    ++++.                    H - +2 pair of boots
Stlth   ..........               Z - amulet of reflection
HPRegen 1.00/turn                V - ring "Rinut" {rN+ Will+ Str+4}
MPRegen 0.18/turn                G - ring of protection from fire

@: about to teleport, strong-willed, regenerating, studying 3 skills
A: horns 2, retaliatory headbutt, fangs 1, talons 1, iridescent scales 1,
deformed body, inhibited regeneration, wild magic 1
}: 3/15 runes: barnacled, silver, gossamer
a: Renounce Religion, Berserk, Trog's Hand, Brothers in Arms


You were on level 1 of the Realm of Zot.
You worshipped Trog.
Trog was extremely pleased with you.
You visited 13 branches of the dungeon, and saw 49 of its levels.
You also visited: Bailey, Gauntlet, Ice Cave and Wizlab.

You collected 11008 gold pieces.
You spent 3468 gold pieces at shops.

Inventory:

Hand Weapons
 a - a +9 broad axe of chaos (weapon)
 b - the +14 obsidian axe {vorpal, Mesm Drain Fly SInv}
   (You found it on level 5 of the Vaults)

   It inflicts extra damage upon your enemies.
   It occasionally summons demons to assist the wielder when it strikes in
   combat.
   Its wielder is mesmerised by any visible foes.
   It cannot be unequipped while any foes are visible.
   SInv:      It lets you see invisible.
   Fly:       It grants you flight.
   Drain:     It drains your maximum health when unequipped.
 i - the +7 hand axe of Instant Death {flame, rN+ Dex+4}
   (You found it on level 5 of the Vaults)

   It burns those it strikes, dealing additional fire damage.
   Big, fiery blades are also staple armaments of hydra-hunters.
   Dex:       It affects your dexterity (+4).
   rN:        It protects you from negative energy.
Armour
 m - the +0 cloak of Servitude (worn) {rF+}
   (You found it on level 4 of the Vaults)

   rF:        It protects you from fire.
 v - the +3 pair of gauntlets of War (worn) {Slay+5}
   (You acquired it on level 2 of the Orcish Mines)

   Slay:      It affects your accuracy & damage with ranged weapons and melee
   (+5).
 D - a +5 kite shield of cold resistance (worn)
 H - a +2 pair of boots (worn)
 J - the +1 cloak of the Threshing Gods {rN+ Regen+ Int+4 Dex-3}
   (You found it on level 2 of the Shoals)

   Int:       It affects your intelligence (+4).
   Dex:       It affects your dexterity (-3).
   rN:        It protects you from negative energy.
   Regen:     It increases your rate of health regeneration.
 Y - a +10 plate armour of cold resistance (worn)
Jewellery
 g - the amulet "Doth" {Faith -Cast +Inv Fly rElec}
   (You found it in an ice cave)

   [amulet of faith]

   It allows you to gain divine favour quickly.
   rElec:     It insulates you from electricity.
   +Inv:      It lets you turn invisible.
   Fly:       It grants you flight.
   -Cast:     It prevents spellcasting.
 r - the ring of Tuops {rElec rC+ SInv}
   (You took it off a deep elf sorcerer on level 3 of the Elven Halls)

   [ring of see invisible]

   rC:        It protects you from cold.
   rElec:     It insulates you from electricity.
   SInv:      It lets you see invisible.
 t - a ring of protection from cold
 u - the ring "Fyduprodde" {rN+ EV+4}
   (You found it on level 5 of the Vaults)

   [ring of evasion]

   EV:        It affects your evasion (+4).
   rN:        It protects you from negative energy.
 F - a ring of resist corrosion
 G - a ring of protection from fire (right hand)
 I - the amulet of Nilibroe {RegenMP Slay+2}
   (You took it off a tengu reaver on level 4 of the Depths)

   [amulet of magic regeneration]

   It increases your rate of magic regeneration.
   Slay:      It affects your accuracy & damage with ranged weapons and melee
   (+2).
 P - a ring of poison resistance
 V - the ring "Rinut" (left hand) {rN+ Will+ Str+4}
   (You took it off a minotaur in a Gauntlet)

   [ring of willpower]

   Str:       It affects your strength (+4).
   rN:        It protects you from negative energy.
   Will:      It increases your willpower.
 X - a ring of flight
 Z - an amulet of reflection (around neck)
Wands
 O - a wand of paralysis (5)
 R - a wand of mindburst (5)
Scrolls
 c - 19 scrolls of teleportation {@r2}
 e - 8 scrolls of enchant weapon
 h - 11 scrolls of butterflies
 j - 8 scrolls of immolation
 l - 17 scrolls of vulnerability
 n - a scroll of summoning
 o - 11 scrolls of poison
 x - a scroll of enchant armour
 y - 11 scrolls of fear
 z - 4 scrolls of silence
 T - a scroll of magic mapping
Potions
 d - 12 potions of curing {@q1}
 f - 8 potions of attraction
 k - 2 potions of mutation
 p - 3 potions of ambrosia
 q - 4 potions of berserk rage
 s - 7 potions of resistance
 w - 11 potions of haste
 A - 3 potions of degeneration
 B - 7 potions of might
 C - 6 potions of lignification
 E - 4 potions of invisibility
 L - 7 potions of flight
 Q - 10 potions of magic
 S - 6 potions of cancellation
Miscellaneous
 K - a condenser vane
 M - a piece from Xom's chessboard (15/15)
 N - a piece from Xom's chessboard (15/15)
 U - a piece from Xom's chessboard (15/15)


   Skills:
 + Level 25.6 Fighting
 - Level 18.0 Axes
 + Level 25.5 Armour
 + Level 25.1 Dodging
 - Level 4.8 Stealth
 + Level 25.3 Shields


You had 23 spell levels left.
You didn't know any spells.
Your spell library was empty.

Dungeon Overview and Level Annotations

Branches:
Dungeon (15/15)            Temple (1/1) D:5            Lair (5/5) D:10
 Shoals (4/4) Lair:2       Spider (4/4) Lair:2          Orc (2/2) D:11
    Elf (3/3) Orc:2        Vaults (5/5) D:14          Crypt (3/3) Vaults:3
   Tomb (1/3) Crypt:3      Depths (4/4) D:15           Hell (visited)
    Zot (1/5) Depths:4     Bailey (visited)           IceCv (visited)
 WizLab (visited)         Gauntlet (visited)
  Slime: Lair:4-5       Dis: Hell:1         Geh: Hell:1         Coc: Hell:1
    Tar: Hell:1

Altars:
Ashenzari
Cheibriados
Dithmenos
Elyvilon
Fedhas
Gozag
Hepliaklqana
Kikubaaqudgha
Makhleb
Nemelex Xobeh
Okawaru
Qazlal
Ru
Sif Muna
Trog
Uskayaw
Vehumet
Wu Jian
Xom
Yredelemnul
Zin
The Shining One

Shops:
D:6 ?   D:7 (   D:10 :   Orc:1 :   Orc:2 *?*[!   Vaults:1 *   Vaults:2 (
Vaults:3 **=

Portals:
Hell: Depths:1 Depths:2 Depths:3 Depths:4
Abyss: Depths:3 Depths:4
Pandemonium: Depths:2
Ziggurat: Depths:4

Annotations:
D:14 exclusion: ice statue
D:15 Roxanne
Lair:2 exclusion: oklob plant
Lair:5 exclusion: 2 oklob plants
Vaults:3 2 transporters, Dublagg's ghost, veteran MiFi; Yhutz's ghost, veteran MiFi; twist's ghost, veteran GnCA


Innate Abilities, Weirdness & Mutations

You have a pair of horns on your head.
You reflexively headbutt those who attack you in melee.
You have very sharp teeth.
You have sharp toenails.
You are partially covered in iridescent scales. (AC +2)
Armour fits poorly on your strangely shaped body.
You do not regenerate when monsters are visible.
Your spells are a little harder to cast, but a little more powerful.


Message History

The storm dragon tramples you.
* * * LOW HITPOINT WARNING * * *
You hold your ground!
The red draconian breathes fire at your ogre.
The searing blast hits your ogre!!
The purple draconian closely misses you.
You furiously retaliate!
You headbutt the purple draconian!! The red draconian breathes fire at you.
The searing blast misses you.
HP: 28/244 (-8) =-----------
As you read the scroll of fear, it crumbles to dust.
You assume a fearsome visage.
The electric golem is unaffected.
The storm dragon resists with some effort.
The red draconian looks frightened! x2
The purple draconian resists with almost no effort.
The red draconian looks frightened!
You are engulfed in blazing flames.
You resist.
* * * LOW HITPOINT WARNING * * *
You block the electric golem's attack. The electric golem barely misses you.
You block the electric golem's attack. The electric golem misses you.
The electric golem hits you but does no damage.
The electric golem misses you. You block the electric golem's attack.
The electric golem hits you but does no damage.
Your ogre is engulfed in blazing flames.
Your ogre hits the red draconian with a +0 giant club!
Your ogre's attack snaps the red draconian out of its fear.
A moth of wrath comes into view.
The storm dragon misses you. You furiously retaliate!
You headbutt the storm dragon!
The storm dragon claws you but does no damage.
You block the storm dragon's attack.
The electric golem hits you but does no damage.
The electric golem hits you!
* * * LOW HITPOINT WARNING * * *
The electric golem shocks you!
* * * LOW HITPOINT WARNING * * *
The electric golem closely misses you. x2; The red draconian misses you.
You furiously retaliate!
You headbutt the red draconian!
The purple draconian hits you with a +1 hand axe of flaming.
You die...

*,,* #..* **,,,** **,,,,,,
*,,* #..#* **,,,** **,,,,,
#.,* #...#* **,,,** *****,
#..* *#...## **,,,## *,
#..#* *#...## **,,.## *,
#...#* *#...## **,..####**,
*#...#* ##...## ##......,,,
*#...#*##ddDy.####......,,,,
*#...##Od@#...##.>.#*******
*#...d.9###......#* ##....##
##....## ##...#*
##...########## ##...#*
##............ ##...#*
##........... ##(..#*
############ *#...#* *#.§.#*


You could see an electric golem (fast), a storm dragon, a purple draconian
(extremely poisoned, catching breath), 3 draconians, a moth of wrath and a
friendly ogre (summoned, berserk).

Vanquished Creatures
  A dread lich (Vaults:4)
  An ancient lich (Vaults:5)
  An orb of fire (Zot:1)
  Bai Suzhen (Shoals:4)
  Saint Roka (Elf:2)
  Margery (Vaults:3)
  A caustic shrike (Depths:3)
  6 golden dragons
  2 profane servitors (Crypt:3)
  Zenata (Elf:2)
  Jorgrun (Spider:3)
  4 tentacled monstrosities
  2 liches (Depths:3)
  2 titans (Vaults:4)
  Asterion (Depths:1)
  5 quicksilver dragons
  2 deep elf blademasters (Elf:3)
  The ghost of Koerph the Imperceptible, an adept SpEn of Dithmenos (Vaults:4)
  3 deep elf master archers (Elf:3)
  9 ancient champions
  3 sphinxes
  A kraken (Shoals:2)
  Donald (Spider:2)
  2 storm dragons
  6 shadow dragons
  6 tengu reavers
  The ghost of Venuos the Eclecticist, an adept DsHW of Gozag (Elf:1)
  Ilsuiw (Shoals:3)
  8 fire giants
  The ghost of Edux the Executioner, a journeyman MiBe of Trog (Shoals:2)
  4 revenants
  An iron dragon (Depths:3)
  A balrug (Depths:2)
  8 deep elf sorcerers
  18 vault wardens
  A draconian shifter (Depths:4)
  A ghost moth (Spider:1)
  10 frost giants
  A caustic shrike zombie (Crypt:2)
  3 emperor scorpions
  4 draconian stormcallers
  6 ghouls
  A ghost moth (shapeshifter) (D:13)
  3 curse skulls
  16 ironbound preservers
  6 war gargoyles
  A juggernaut skeleton (Crypt:3)
  A spriggan defender (Depths:3)
  A deep elf elementalist (Elf:2)
  An orc warlord (Bailey)
  21 stone giants
  4 ironbound thunderhulks
  22 very ugly things
  3 deep elf demonologists
  12 vampire knights
  Nessos (D:15)
  11 dire elephants
  A black draconian (Zot:1)
  6 deep elf annihilators
  2 spark wasps (Depths:3)
  4 green draconians (Depths:4)
  A white draconian (Zot:1)
  3 minotaurs
  9 ettins
  An eidolon (Crypt:3)
  An acid blob zombie (Crypt:2)
  2 pearl dragon zombies (Depths:1)
  5 merfolk impalers
  7 deep elf death magi
  15 jiangshi
  16 yaktaur captains
  2 crystal guardians (Vaults:3)
  4 deep elf high priests
  4 merfolk javelineers
  7 fire dragons
  2 mummy priests
  2 entropy weavers
  6 great orbs of eyes
  A fenstrider witch zombie (Crypt:3)
  A quicksilver dragon skeleton (Crypt:3)
  39 vault guards
  2 rakshasas
  3 catoblepae
  16 ice dragons
  5 peacekeepers
  A spriggan air mage (Depths:4)
  8 boulder beetles
  3 merfolk avatars
  2 ogre magi (Vaults:4)
  3 hydras
  A radroach (Spider:3)
  12 ironbound frosthearts
  A merfolk avatar (shapeshifter) (Shoals:4)
  5 merfolk aquamancers
  3 jorogumos
  4 death knights
  11 centaur warriors
  4 alligator snapping turtles
  7 two-headed ogres
  An alligator (shapeshifter) (D:12)
  8 vampire magi
  4 deep troll shamans
  A satyr (shapeshifter) (Vaults:4)
  A shock serpent (shapeshifter) (Depths:4)
  11 death scarabs
  A shock serpent (Vaults:3)
  3 orc high priests
  7 tengu warriors
  25 dancing weapons
  2 deep troll earth magi (Depths:3)
  A hell hog (Depths:1)
  3 satyrs
  5 spriggan berserkers
  A storm dragon zombie (Crypt:1)
  19 deep elf knights
  2 spriggans (Depths:4)
  10 hell knights
  2 sixfirhies
  12 pharaoh ants
  5 shadow wraiths
  3 titan skeletons
  6 iron trolls
  6 sea snakes
  9 steelbarb worms
  A sun moth (Spider:3)
  A storm dragon skeleton (Crypt:2)
  Lodul (D:9)
  A fire crab (Lair:5)
  8 flayed ghosts
  22 skeletal warriors
  2 anaconda zombies
  3 shadow demons
  3 glowing orange brains
  An orange crystal statue (IceCv)
  7 orb spiders
  4 lindwurms
  A spectral wolf spider (Spider:4)
  9 deep elf archers
  A bog body (Crypt:1)
  41 deep trolls
  15 ironbound convokers
  A tengu zombie (D:15)
  Pikel (D:4)
  2 shadow dragon zombies
  25 deep elf pyromancers
  5 necromancers
  3 orc knights
  20 harpies
  10 phantasmal warriors
  22 deep elf zephyrmancers
  10 wizards
  2 wolf spider zombies (Spider:4)
  34 ugly things
  7 orc sorcerers (Orc:2)
  14 fauns
  A shadow dragon skeleton (D:15)
  16 wolf spiders
  A cyclops (shapeshifter) (D:14)
  20 manticores
  7 cyclopes
  3 moths of wrath
  3 stone giant zombies
  An iron dragon skeleton (Crypt:2)
  3 apis skeletons (Depths:1)
  12 elephants
  13 merfolk sirens
  A fire giant skeleton (Crypt:3)
  3 molten gargoyles (Lair:5)
  6 torpor snails
  A centaur zombie (Crypt:1)
  3 black mambas
  A torpor snail (shapeshifter) (Vaults:4)
  24 vault sentinels
  A gargoyle (D:13)
  4 storm dragon simulacra (IceCv)
  7 water nymphs
  6 cane toads
  2 unseen horrors
  A hellion (Depths:2)
  2 rime drakes
  An unseen horror (shapeshifter) (D:14)
  A catoblepas zombie (Crypt:1)
  A rime drake (shapeshifter) (Elf:1)
  2 freezing wraiths
  3 kobold demonologists
  34 yaktaurs
  A death yak zombie (Crypt:1)
  An efreet (D:13)
  17 demonic crawlers
  A green draconian zombie (Crypt:3)
  A redback zombie (Spider:4)
  3 spectral redbacks (Spider:4)
  2 hellwings
  A bunyip simulacrum (Crypt:2)
  6 golden dragon simulacra (IceCv)
  13 komodo dragons
  A mana viper zombie (Crypt:2)
  2 spriggan skeletons
  12 guardian mummies
  4 tengu conjurers
  A queen bee (Gauntlet)
  A red devil (Depths:2)
  A sea snake skeleton (Crypt:3)
  5 trolls
  3 spectral jumping spiders (Spider:4)
  A silent spectre (Vaults:2)
  A meliai (shapeshifter) (Vaults:4)
  2 polar bears
  4 hornets
  30 merfolk
  A spectral tarantella (Spider:4)
  14 tarantellas
  4 wind drakes (Shoals:4)
  A slime creature (shapeshifter) (Vaults:3)
  2 spectral culicivoras (Spider:4)
  2 raiju (Gauntlet)
  A tarantella zombie (Spider:4)
  2 jumping spider zombies (Spider:4)
  Prince Ribbit (D:5)
  4 blink frogs (Lair:1)
  11 snapping turtles
  5 dream sheep
  A culicivora zombie (Crypt:2)
  12 jumping spiders
  26 slime creatures
  25 culicivoras
  An ettin skeleton (Depths:1)
  10 flying skulls
  A centaur simulacrum (D:14)
  A ynoxinul (Depths:2)
  An air elemental (Elf:2)
  A culicivora (shapeshifter) (Vaults:5)
  A basilisk (shapeshifter) (D:14)
  23 water elementals
  3 vampires (Crypt:3)
  6 wraiths
  2 shadows
  37 yaks
  5 basilisks
  A black mamba skeleton (Crypt:1)
  8 wyverns
  2 fire elementals
  2 steam dragons
  A tyrant leech zombie (Crypt:1)
  36 redbacks
  16 vampire mosquitoes
  3 chaos spawn
  6 wargs
  2 harpy simulacra
  Menkaure (D:7)
  2 acid dragons
  4 hell hounds (Lair:5)
  11 water moccasins
  38 orc warriors
  A faun skeleton (Crypt:3)
  2 ice beasts
  A black bear (D:5)
  An elephant zombie (Crypt:3)
  4 ice dragon simulacra (IceCv)
  9 ogres
  8 wolves (Lair:2)
  4 boggarts
  8 centaurs
  2 lemures (D:4)
  2 kobold brigands
  A phantom (D:5)
  Blork the orc (D:4)
  13 bullfrogs
  5 necrophages
  A naga simulacrum (Crypt:2)
  A gnoll sergeant (D:10)
  3 earth elementals
  A water moccasin zombie (Crypt:1)
  3 scorpions
  A scorpion (shapeshifter) (Vaults:4)
  3 wights (D:8)
  3 small abominations (WizLab)
  9 killer bees
  7 lindwurm simulacra (IceCv)
  3 electric eels
  2 howler monkeys
  2 quasits (D:11)
  5 lava snakes (Lair:5)
  3 hounds
  2 human zombies (Crypt:1)
  32 orc priests
  5 iguanas
  A jelly (D:6)
  A gnoll bouda (D:7)
  4 human skeletons (Crypt:1)
  55 orc wizards
  2 hell rats (Lair:1)
  A lightning spire (Gauntlet)
  An acid dragon skeleton (Crypt:2)
  11 mummies
  10 adders
  22 gnolls
  9 river rats (Lair:1)
  A shadow imp (D:7)
  2 white imps
  5 ufetubi
  A worm (D:4)
  A dart slug (D:3)
  98 orcs
  6 bats
  6 endoplasms
  2 giant cockroaches (D:4)
  17 goblins
  18 hobgoblins
  12 jackals
  2 quokkas
  3 training dummies (Elf:3)
  7 ball pythons
  3 frilled lizards
  20 kobolds
  A quokka skeleton (Crypt:1)
  9 rats
  A rat skeleton (Crypt:2)
  2 bushes (Lair:5)
  8 plants (D:10)
  3 tentacles (Shoals:2)
  2 withered plants (D:15)
2025 creatures vanquished.

Vanquished Creatures (collateral kills)
  A profane servitor (Depths:1)
  A lich (Crypt:3)
  An ancient champion (Crypt:3)
  2 deep elf sorcerers (Vaults:2)
  A ghost moth (Spider:4)
  A deep elf elementalist (Elf:3)
  A very ugly thing (Vaults:3)
  An ironbound preserver (Vaults:4)
  2 deep elf demonologists
  A spark wasp (Spider:4)
  2 merfolk javelineers (Shoals:4)
  A deep elf death mage (Elf:3)
  A deep elf high priest (Elf:3)
  A yaktaur captain (Vaults:5)
  An entropy weaver (Vaults:4)
  A hydra (D:15)
  A merfolk avatar (Shoals:4)
  A merfolk aquamancer (Shoals:4)
  3 deep troll earth magi
  A satyr (Shoals:4)
  2 hell hogs (Depths:1)
  3 soul eaters (Depths:2)
  5 hell knights (Depths:2)
  A shadow wraith (Crypt:3)
  A skeletal warrior (Crypt:3)
  A sixfirhy (Depths:2)
  A wizard (Vaults:1)
  An ironbound convoker (Vaults:4)
  2 harpies (Shoals:4)
  A broodmother zombie (Spider:4)
  A manticore (Shoals:2)
  An ugly thing (Vaults:2)
  5 moths of wrath
  An apis skeleton (Depths:1)
  A spectral tarantella (Spider:4)
  A culicivora zombie (Spider:4)
  A snapping turtle (Shoals:2)
  2 wind drakes (Shoals:4)
  A tarantella zombie (Spider:4)
  2 dream sheep (Shoals:1)
  A jumping spider (Spider:4)
  2 culicivoras
  A chaos spawn (Depths:2)
  2 orc warriors (Orc:1)
  2 centaurs (Shoals:4)
  An orc priest (Orc:1)
  An orc wizard (Orc:1)
  An orc (Orc:1)
70 creatures vanquished.

Vanquished Creatures (others)
  A frost giant (Depths:3)
  A jorogumo (Spider:3)
  2 deep elf knights (Elf:1)
  A skeletal warrior (Crypt:3)
  A wizard (Vaults:2)
  An orc sorcerer (Elf:2)
  An unseen horror zombie (D:14)
  A great orb of eyes zombie (Vaults:2)
  A neqoxec (Depths:2)
  A floating eye (Lair:5)
  An orc warrior (Vaults:5)
  An ogre (Vaults:5)
  A boggart (Vaults:2)
  An orc wizard (D:12)
  2 orcs
  2 bushes (Lair:5)
  5 demonic plants (D:11)
  17 fungi
  183 plants
  6 tentacles (Shoals:2)
  9 withered plants (D:15)
239 creatures vanquished.

Grand Total: 2334 creatures vanquished

Notes
Turn   | Place    | Note
-------+----------+-------------------------------------------
     0 | D:1      | bimpf the Minotaur Berserker began the quest for the Orb.
     0 | D:1      | Reached XP level 1. HP: 19/19 MP: 0/0
    30 | D:1      | Reached XP level 2. HP: 27/27 MP: 1/1
   803 | D:1      | Reached XP level 3. HP: 32/33 MP: 2/2
  1029 | D:2      | Reached ** piety under Trog
  1616 | D:2      | Reached skill level 1 in Shields
  1651 | D:2      | Reached XP level 4. HP: 40/40 MP: 3/3
  2572 | D:3      | Reached XP level 5. HP: 47/47 MP: 4/4
  2812 | D:4      | Noticed Blork the orc
  2821 | D:4      | Reached skill level 5 in Axes
  2821 | D:4      | Killed Blork the orc
  2920 | D:4      | Reached XP level 6. HP: 33/53 MP: 5/5
  3179 | D:4      | Noticed Pikel
  3202 | D:4      | Killed Pikel
  3203 | D:4      | Reached skill level 5 in Fighting
  3203 | D:4      | Reached XP level 7. HP: 61/61 MP: 6/6
  3602 | D:4      | Reached skill level 5 in Armour
  3881 | D:5      | Entered Level 5 of the Dungeon
  4019 | D:5      | Reached XP level 8. HP: 24/70 MP: 7/7
  4526 | D:5      | Reached skill level 5 in Dodging
  4912 | D:5      | Found a staircase to the Ecumenical Temple.
  5321 | D:5      | Noticed Prince Ribbit
  5337 | D:5      | Killed Prince Ribbit
  5338 | D:5      | Reached skill level 5 in Shields
  5728 | Temple   | Entered the Ecumenical Temple
  6598 | D:6      | Found Zimuppuu's Magic Scroll Shop.
  6601 | D:6      | Bought a scroll of identify for 28 gold pieces
  7091 | D:7      | Reached XP level 9. HP: 78/78 MP: 8/8
  7468 | D:7      | Noticed Menkaure
  7479 | D:7      | Killed Menkaure
  7700 | D:7      | Identified the +2 robe of Umnotoick {rPois}
  7748 | D:7      | Found Osteamnuel's Weapon Boutique.
  8390 | D:7      | Found a bloodstained altar of Trog.
  8390 | D:7      | Found a white marble altar of Elyvilon.
  8687 | D:8      | Found a flagged portal.
  8706 | Bailey   | Entered a bailey
  8727 | Bailey   | Reached *** piety under Trog
  8818 | Bailey   | Reached skill level 10 in Axes
  9534 | Bailey   | Noticed an orc warlord
  9556 | Bailey   | Killed an orc warlord
  9557 | Bailey   | Reached XP level 10. HP: 79/88 MP: 9/9
  9890 | Bailey   | Identified the +10 spear of Beyond {vorpal, Dex+3}
 10478 | D:8      | Noticed a two-headed ogre
 11256 | D:9      | Identified the +1 pair of gloves "Plog" {rC+}
 11490 | D:9      | Reached XP level 11. HP: 99/99 MP: 10/10
 11512 | D:9      | Reached **** piety under Trog
 11739 | D:9      | Identified the +10 mace of Axtoet {freeze, *Corrode Will+
                  | Dex+3}
 12098 | D:10     | Entered Level 10 of the Dungeon
 12098 | D:10     | Found a snail-covered altar of Cheibriados.
 12106 | D:9      | Reached skill level 10 in Fighting
 12528 | D:10     | Noticed Lodul
 12667 | D:9      | Killed Lodul
 13238 | D:10     | Noticed a two-headed ogre
 13245 | D:10     | Killed a two-headed ogre
 13246 | D:10     | Reached skill level 10 in Armour
 13687 | D:10     | Found Hiadep's Tremendous Tomes.
 13777 | D:10     | Found a staircase to the Lair.
 13794 | D:10     | Reached XP level 12. HP: 84/107 MP: 11/11
 13875 | D:10     | Noticed a two-headed ogre
 13884 | D:10     | Killed a two-headed ogre
 14415 | D:11     | Found a gate leading to a gauntlet.
 14425 | Gauntlet | Entered a Gauntlet
 14425 | Gauntlet | Found a transporter.
 14425 | Gauntlet | Found a transporter.
 14431 | Gauntlet | Found a transporter.
 14431 | Gauntlet | Found a transporter.
 14435 | Gauntlet | Found a transporter.
 14435 | Gauntlet | Found a transporter.
 14469 | Gauntlet | Found a transporter.
 14473 | Gauntlet | Found a transporter.
 14475 | Gauntlet | Noticed a death yak
 14475 | Gauntlet | Noticed a death yak
 14476 | Gauntlet | Noticed a death yak
 14476 | Gauntlet | Noticed a death yak
 14477 | Gauntlet | Noticed a death yak
 14484 | Gauntlet | Found a transporter.
 14496 | Gauntlet | Found a runed translucent door.
 14498 | Gauntlet | Found a transporter.
 14500 | Gauntlet | Found a runed translucent door.
 14513 | Gauntlet | Found a transporter.
 14517 | Gauntlet | Found a transporter.
 14960 | Gauntlet | Reached skill level 15 in Axes
 14960 | Gauntlet | Reached skill level 10 in Dodging
 14960 | Gauntlet | Reached skill level 10 in Shields
 14960 | Gauntlet | Reached XP level 13. HP: 116/116 MP: 12/12
 15088 | Gauntlet | Identified the +0 pair of gloves "Pelukets" {-Tele Str+3
                  | SInv}
 15126 | Gauntlet | Identified the ring "Rinut" {rN+ Will+ Str+4}
 15126 | Gauntlet | Noticed a minotaur
 15137 | Gauntlet | Killed a minotaur
 16231 | D:11     | Found a staircase to the Orcish Mines.
 18807 | D:12     | Reached ***** piety under Trog
 19210 | D:12     | Identified 3 scrolls of acquirement
 19211 | D:12     | Acquired a manual of Dodging
 19216 | D:12     | Acquired a manual of Throwing
 19220 | D:12     | Acquired 894 gold pieces
 20400 | D:13     | Reached XP level 14. HP: 87/127 MP: 13/13
 20902 | D:13     | Found the +7 captain's cutlass {speed, disarm}
 22245 | D:13     | Killed a ghost moth
 23521 | Lair:1   | Entered Level 1 of the Lair of Beasts
 25606 | Lair:2   | Found a staircase to the Shoals.
 26460 | Lair:2   | Found a stormy altar of Qazlal.
 26678 | Lair:2   | Found a hole to the Spider Nest.
 26704 | Lair:2   | Received a gift from Trog
 29682 | Lair:4   | Identified the +4 ring mail of the Armoured One {rPois
                  | Dex+4}
 31073 | Lair:5   | Entered Level 5 of the Lair of Beasts
 32640 | Lair:5   | Reached XP level 15. HP: 54/137 MP: 14/14
 33807 | Lair:5   | Found a large runed translucent door.
 33809 | Lair:5   | Found a large runed translucent door.
 34588 | Spider:1 | Entered Level 1 of the Spider Nest
 35777 | Spider:1 | Identified the +1 whip "Exzat" {flame, Str+7}
 36889 | Spider:2 | Reached skill level 15 in Dodging
 36951 | Spider:2 | Noticed Donald
 36967 | Spider:2 | Killed Donald
 38419 | Spider:3 | Noticed an emperor scorpion
 38479 | Spider:3 | Killed an emperor scorpion
 39006 | Spider:3 | Reached skill level 15 in Fighting
 39103 | Spider:3 | Noticed Jorgrun
 39118 | Spider:3 | Killed Jorgrun
 39162 | Spider:4 | Entered Level 4 of the Spider Nest
 39347 | Spider:3 | Reached skill level 15 in Armour
 39605 | Spider:4 | Reached XP level 16. HP: 143/143 MP: 15/15
 40332 | Spider:3 | Gained mutation: You occasionally lose the ability to drink
                  | potions when taking damage. [potion of mutation]
 40332 | Spider:3 | Gained mutation: You are occasionally teleported next to
                  | monsters. [potion of mutation]
 40332 | Spider:3 | Gained mutation: Your movements are slightly less
                  | encumbered by armour. (ER -2) [potion of mutation]
 40333 | Spider:3 | Lost mutation: Your movements are slightly less encumbered
                  | by armour. (ER -2) [potion of mutation]
 40333 | Spider:3 | Lost mutation: You are occasionally teleported next to
                  | monsters. [potion of mutation]
 40333 | Spider:3 | Gained mutation: You have hidden genetic potential. [potion
                  | of mutation]
 40333 | Spider:3 | Gained mutation: You are strong-willed. (Will+) [potion of
                  | mutation]
 40606 | Spider:4 | Reached skill level 15 in Shields
 41386 | Spider:4 | Lost mutation: You occasionally lose the ability to drink
                  | potions when taking damage. [potion of mutation]
 41386 | Spider:4 | Lost mutation: You have hidden genetic potential. [potion
                  | of mutation]
 41386 | Spider:4 | Gained mutation: You possess an exceptional clarity of
                  | mind. [potion of mutation]
 41386 | Spider:4 | Gained mutation: Your mind is acute. (Int +4, Str/Dex -1)
                  | [potion of mutation]
 41386 | Spider:4 | Gained mutation: Your muscles are strong. (Str +4, Int/Dex
                  | -1) [potion of mutation]
 43746 | Spider:4 | Received a gift from Trog
 44016 | Spider:4 | Identified the +7 rapier of the Badger {vorpal, rF+ Str+3
                  | SInv}
 44948 | Spider:4 | Got a gossamer rune of Zot
 45329 | Shoals:1 | Entered Level 1 of the Shoals
 46373 | Shoals:2 | Noticed Edux's ghost (journeyman MiBe)
 47813 | Shoals:2 | Reached XP level 17. HP: 160/160 MP: 16/16
 48087 | Shoals:2 | Found a transporter.
 49401 | D:14     | Found an opulent altar of Gozag.
 49434 | D:15     | Entered Level 15 of the Dungeon
 49776 | D:14     | Found a gate to the Vaults.
 50950 | D:14     | Identified the +10 war axe "Kailuix" {protect, Str+4 Dex-3}
 51074 | D:15     | Found a shimmering altar of Xom.
 51684 | D:15     | Found a staircase to the Depths.
 51684 | D:15     | Noticed Nessos
 51702 | D:15     | Killed Nessos
 52537 | D:15     | Found an iron altar of Okawaru.
 53083 | D:15     | Identified Roxanne's Vellum of Metamorphosis
 53083 | D:15     | Noticed Roxanne
 53444 | Depths:1 | Entered Level 1 of the Depths
 53444 | Depths:1 | Noticed Asterion
 53701 | Orc:1    | Entered Level 1 of the Orcish Mines
 53862 | Orc:1    | Found Olawn's Book Shop.
 54216 | Orc:2    | Entered Level 2 of the Orcish Mines
 54382 | Orc:2    | Found Aviceg's Assorted Antiques.
 54735 | Orc:2    | Found Moluy's Assorted Antiques.
 54735 | Orc:2    | Found Daskyugo's Distillery.
 54808 | Orc:2    | Found Qaaciex's Magic Scroll Boutique.
 54919 | Orc:2    | Found Kokud Yck's Antique Armour Shop.
 54936 | Orc:2    | Bought a scroll of acquirement for 1508 gold pieces
 54936 | Orc:2    | Acquired the +3 pair of gauntlets of War {Slay+5}
 54936 | Orc:2    | Found the +3 pair of gauntlets of War {Slay+5}
 54954 | Orc:2    | Bought a potion of heal wounds for 65 gold pieces
 54954 | Orc:2    | Bought a potion of heal wounds for 65 gold pieces
 54956 | Orc:2    | Bought a scroll of silence for 142 gold pieces
 55517 | Orc:2    | Received a gift from Trog
 55687 | Orc:2    | Found a staircase to the Elven Halls.
 58366 | Depths:1 | Killed Asterion
 58681 | Depths:1 | Found a gateway to Hell.
 59095 | Depths:1 | Found a shadowy altar of Dithmenos.
 59568 | Depths:1 | Found a basalt altar of Yredelemnul.
 59568 | Depths:1 | Noticed a profane servitor
 59578 | Depths:1 | Killed a profane servitor
 60050 | Depths:2 | Reached XP level 18. HP: 172/172 MP: 17/17
 61116 | Depths:2 | You fall into a shaft and drop 2 floors!
 61116 | Depths:4 | Entered Level 4 of the Depths
 61746 | Depths:3 | Found a one-way gate to the infinite horrors of the Abyss.
 61823 | Depths:2 | Found a one-way gate leading to the halls of Pandemonium.
 64538 | Shoals:2 | Found a transporter.
 64781 | Shoals:2 | Killed Edux's ghost
 64787 | Shoals:2 | Identified the +1 cloak of the Threshing Gods {rN+ Regen+
                  | Int+4 Dex-3}
 68200 | Shoals:4 | Entered Level 4 of the Shoals
 68689 | Shoals:4 | Noticed Bai Suzhen
 68698 | Shoals:4 | Killed Bai Suzhen
 68810 | Shoals:4 | Identified the +2 quarterstaff of Moderation {freeze, rF+
                  | Str+6 SInv}
 68885 | Shoals:4 | Found a stormy altar of Qazlal.
 68984 | Shoals:4 | Noticed Ilsuiw
 69033 | Shoals:4 | Reached XP level 19. HP: 183/183 MP: 18/18
 69085 | Shoals:3 | Killed Ilsuiw
 69550 | Shoals:4 | Identified the +2 robe "Pifetum" {rF- rN++ Str+4 SInv}
 70705 | Shoals:4 | Got a barnacled rune of Zot
 70853 | Shoals:4 | Identified the +0 leather armour of Ennui {Str+2 Dex+5}
 70980 | Shoals:3 | Lost mutation: Your mind is acute. (Int +4, Str/Dex -1)
                  | [potion of mutation]
 70980 | Shoals:3 | Lost mutation: You possess an exceptional clarity of mind.
                  | [potion of mutation]
 70980 | Shoals:3 | Lost mutation: Your muscles are strong. (Str +4, Int/Dex
                  | -1) [potion of mutation]
 71332 | Vaults:1 | Entered Level 1 of the Vaults
 71338 | Vaults:1 | Identified the +4 hand axe "Qebase" {flame, rN+} (Trog
                  | gifted it to you on level 1 of the Vaults)
 71338 | Vaults:1 | Received a gift from Trog
 71426 | Vaults:1 | Found a magical portal.
 71452 | WizLab   | Entered Cigotuvi's Fleshworks
 72173 | Vaults:1 | Found Pabeyv Xuos's General Store.
 72319 | Vaults:1 | Bought a potion of heal wounds for 80 gold pieces
 72319 | Vaults:1 | Bought a scroll of acquirement for 832 gold pieces
 72319 | Vaults:1 | Acquired an amulet of reflection
 73061 | Vaults:1 | Identified the +0 helmet of the Other Side {rF+ MP+9 Int-2}
 73614 | Vaults:2 | Found a transporter.
 73925 | Vaults:2 | Received a gift from Trog
 74031 | Vaults:2 | Found Ciafe's Antique Weapon Shop.
 74042 | Vaults:2 | Bought a brightly glowing battleaxe for 494 gold pieces
 74042 | Vaults:2 | Identified the +5 battleaxe "Yzufeu" {vamp, rC- Int+3
                  | Dex+3} (You bought it in a shop on level 2 of the Vaults)
 75672 | Vaults:2 | Found a transporter.
 75672 | Vaults:2 | Found a runed translucent door.
 75672 | Vaults:2 | Found a bloodstained altar of Trog.
 75672 | Vaults:2 | Found the necklace of Bloodlust {*Rage Will++ Int-3 Slay+6}
 75682 | Vaults:2 | Reached XP level 20. HP: 195/195 MP: 19/19
 75789 | Vaults:2 | Identified the +11 great sword of the Moon {venom, *Rage
                  | Fly rF+ Will+}
 75796 | Vaults:2 | Identified the +3 plate armour of Resourcefulness {-Tele
                  | Harm rCorr Stlth+}
 76235 | Vaults:3 | Found a transporter.
 76239 | Vaults:3 | Noticed twist's ghost (veteran GnCA)
 76242 | Vaults:3 | Noticed Dublagg's ghost (veteran MiFi)
 76242 | Vaults:3 | Noticed an ancient lich
 76260 | Vaults:3 | Found a transporter.
 76290 | Vaults:3 | Noticed Yhutz's ghost (veteran MiFi)
 76323 | Vaults:3 | Found Onatsum's Assorted Antiques.
 76568 | Vaults:3 | Found a staircase to the Crypt.
 76568 | Vaults:3 | Found an ancient bone altar of Kikubaaqudgha.
 76569 | Vaults:3 | Found a basalt altar of Yredelemnul.
 76676 | Vaults:3 | Received a gift from Trog
 77615 | Vaults:3 | Found Sunatoh's Jewellery Shoppe.
 77972 | Vaults:3 | Identified the +8 morningstar of Cataclysm {protect, Int+7}
 78053 | Vaults:3 | Found Gatz's Assorted Antiques.
 78741 | Vaults:4 | Noticed Margery
 78793 | Vaults:3 | Killed Margery
 79938 | Vaults:4 | Reached XP level 21. HP: 189/206 MP: 20/20
 80513 | Vaults:4 | Received a gift from Trog
 80522 | Vaults:4 | Reached ****** piety under Trog
 80923 | Vaults:4 | Found a runed translucent gate.
 80923 | Vaults:4 | Found a runed translucent gate.
 80923 | Vaults:4 | Found a runed translucent gate.
 80925 | Vaults:4 | Noticed Koerph's ghost (adept SpEn)
 81330 | Vaults:4 | Killed Koerph's ghost
 81469 | Vaults:4 | Identified the +0 cloak of Servitude {rF+}
 81471 | Vaults:4 | Identified the amulet of Xom's Flight of Fancy {Faith MP+9
                  | Int+5}
 81587 | Vaults:5 | Entered Level 5 of the Vaults
 81650 | Vaults:5 | Noticed a golden dragon
 81758 | Vaults:4 | Killed a golden dragon
 82365 | Vaults:4 | Received a gift from Trog
 82488 | Vaults:5 | Noticed a golden dragon
 82581 | Vaults:5 | Noticed a dread lich
 82670 | Vaults:4 | Killed a dread lich
 82802 | Vaults:4 | Killed a golden dragon
 83343 | Vaults:5 | Reached XP level 22. HP: 215/217 MP: 21/21
 83453 | Vaults:5 | Identified the +5 arbalest "Hyguemm" {drain, Str+2 Dex+5}
 83458 | Vaults:5 | Identified the +7 hand axe of Instant Death {flame, rN+
                  | Dex+4}
 83793 | Vaults:5 | Found the +14 obsidian axe {vorpal, Mesm Drain Fly SInv}
 83854 | Vaults:5 | Received a gift from Trog
 84057 | Vaults:5 | Noticed an ancient lich
 84083 | Vaults:5 | Killed an ancient lich
 84331 | Vaults:5 | Identified the ring "Fyduprodde" {rN+ EV+4}
 84453 | Vaults:5 | Identified the +5 mace of the Little People {drain, +Blink}
 84635 | Vaults:5 | Noticed a golden dragon
 84647 | Vaults:5 | Killed a golden dragon
 84903 | Vaults:5 | Identified the +4 scale mail of Resourcefulness {rF- MP+9
                  | Dex+6}
 85194 | Vaults:5 | Got a silver rune of Zot
 85553 | Vaults:5 | Identified the +9 long sword of Qexaexa {freeze, Stlth+}
 85633 | Vaults:5 | Found the +3 Mad Mage's Maulers {Infuse+∞ RegenMP Int-3}
 86732 | Depths:3 | Found a glowing golden altar of the Shining One.
 87065 | Depths:3 | Received a gift from Trog
 87117 | Depths:3 | Found a runed translucent door.
 87120 | Depths:3 | Found a runed translucent door.
 87120 | Depths:3 | Found a runed translucent door.
 87256 | Depths:3 | Noticed a caustic shrike
 87264 | Depths:3 | Killed a caustic shrike
 87267 | Depths:3 | Noticed a golden dragon
 87396 | Depths:3 | Killed a golden dragon
 88905 | Depths:4 | Identified the amulet of Nilibroe {RegenMP Slay+2}
 89615 | Depths:4 | Found a shimmering blue altar of Sif Muna.
 90133 | Depths:4 | Identified the +1 helmet of the Centipede {rC+ Int+4}
 90148 | Depths:4 | Identified the +0 buckler of Baluddil {Str+4}
 90354 | Depths:4 | Noticed a golden dragon
 90359 | Depths:4 | Found a gate to the Realm of Zot.
 90382 | Depths:4 | Killed a golden dragon
 90710 | Depths:4 | Found a one-way gateway to a ziggurat.
 91195 | Zot:1    | Entered Level 1 of the Realm of Zot
 91241 | Depths:4 | Reached XP level 23. HP: 161/229 MP: 22/22
 91427 | Zot:1    | Noticed an orb of fire
 91431 | Zot:1    | Gained mutation: You have sharp toenails. [an orb of fire]
 91446 | Zot:1    | Gained mutation: You occasionally lose the ability to drink
                  | potions when taking damage. [an orb of fire]
 91500 | Zot:1    | Gained mutation: Your magical capacity is low. (-10% MP)
                  | [an orb of fire]
 91502 | Zot:1    | Gained mutation: You do not regenerate when monsters are
                  | visible. [an orb of fire]
 91509 | Zot:1    | Gained mutation: Armour fits poorly on your strangely
                  | shaped body. [an orb of fire]
 91512 | Zot:1    | Killed an orb of fire
 91625 | Hell     | Entered the Vestibule of Hell
 92023 | Orc:1    | You fall into a shaft and drop 1 floor!
 92201 | Elf:1    | Entered Level 1 of the Elven Halls
 92318 | Elf:1    | Found a frozen archway.
 92359 | IceCv    | Entered an ice cave
 92509 | IceCv    | Lost mutation: Your magical capacity is low. (-10% MP)
                  | [potion of mutation]
 92509 | IceCv    | Lost mutation: You are strong-willed. (Will+) [potion of
                  | mutation]
 92509 | IceCv    | Lost mutation: You occasionally lose the ability to drink
                  | potions when taking damage. [potion of mutation]
 92509 | IceCv    | Gained mutation: You are partially covered in iridescent
                  | scales. (AC +2) [potion of mutation]
 92509 | IceCv    | Gained mutation: Your spells are a little harder to cast,
                  | but a little more powerful. [potion of mutation]
 92509 | IceCv    | Gained mutation: You have very sharp teeth. [potion of
                  | mutation]
 93138 | IceCv    | Identified the amulet "Doth" {Faith -Cast +Inv Fly rElec}
 94478 | Elf:1    | Found a runed translucent gate.
 94478 | Elf:1    | Found a runed translucent gate.
 94478 | Elf:1    | Found a runed translucent gate.
 94478 | Elf:1    | Noticed Venuos's ghost (adept DsHW)
 94479 | Elf:1    | Found an iron altar of Okawaru.
 94889 | Elf:1    | Killed Venuos's ghost
 95022 | Elf:1    | Identified the +4 triple sword of Caustic Duty {pain, Str+5
                  | Int+3}
 95224 | Elf:2    | Noticed Saint Roka
 96497 | Elf:2    | Killed Saint Roka
 96785 | Elf:3    | Entered Level 3 of the Elven Halls
 97255 | Elf:2    | Paralysed by an air elemental for 1 turns
 97258 | Elf:2    | Paralysed by an air elemental for 1 turns
 97882 | Elf:2    | Noticed Zenata
 97893 | Elf:2    | Received a gift from Trog
 97909 | Elf:2    | Killed Zenata
 98018 | Elf:2    | Acquired a manual of Stealth
 98319 | Elf:2    | Found a huge runed translucent gate.
 98319 | Elf:2    | Found a huge runed translucent gate.
 98319 | Elf:2    | Found a huge runed translucent gate.
 98320 | Elf:2    | Found a huge runed translucent gate.
 98320 | Elf:2    | Found a huge runed translucent gate.
 98539 | Elf:2    | Reached skill level 1 in Stealth
100442 | Elf:3    | Identified the +3 scale mail of Qilecw {Str+6}
100845 | Elf:3    | Received a gift from Trog
101002 | Elf:3    | Identified the +2 robe of Kageamni {Dex+3}
101011 | Elf:3    | Identified the +6 whip of the Snake Pit {drain, Fragile rF-
                  | rN+ Str+8}
101098 | Elf:3    | Identified the +6 rapier of Disintegration {freeze, rC-
                  | Str+2 Dex+9 SInv}
101101 | Elf:3    | Identified the ring of Pride {MP+9 Int+4}
101158 | Elf:3    | Identified the ring of Tuops {rElec rC+ SInv}
102233 | Orc:2    | Bought a scroll of summoning for 142 gold pieces
102233 | Orc:2    | Bought a scroll of enchant armour for 112 gold pieces
102494 | D:12     | You fall into a shaft and drop 3 floors!
102754 | Crypt:1  | Entered Level 1 of the Crypt
103565 | Crypt:1  | Reached XP level 24. HP: 240/240 MP: 22/22
107274 | Crypt:3  | Entered Level 3 of the Crypt
108037 | Crypt:3  | Received a gift from Trog
108132 | Crypt:3  | Found a staircase to the Tomb.
108138 | Tomb:1   | Entered Level 1 of the Tomb of the Ancients
109029 | Crypt:3  | Received a gift from Trog
109181 | Crypt:3  | Found an ancient bone altar of Kikubaaqudgha.
109184 | Crypt:3  | Found a basalt altar of Yredelemnul.
109226 | Crypt:3  | Found the +6 Majin-Bo {vamp, MP+6 Int+6}
109244 | Crypt:3  | Identified the +7 great mace of Saltpetre {holy, Str+2
                  | Int+4}
111153 | Zot:1    | HP: 2/244 [electric golem (16)]
111153 | Zot:1    | Slain by a purple draconian

Illustrated notes

Levels and vault maps discovered:
D:1:      spicycebolla_arrival_transporter_tutorial, layout_rooms
D:2:      layout_basic, minmay_pentomino_r2
D:3:      layout_rooms, item_on_display_a
D:4:      layout_rooms, serial_bayou_crossing, uniq_blork_the_orc, uniq_pikel
D:5:      cheibrodos_helix_gallery, layout_basic,
          minmay_temple_entry_glassed_door, uniq_prince_ribbit1
D:6:      layout_loops_ring, serial_shops, nicolae_shop_behind_doors
D:7:      layout_loops_corners, amethyst_overflow_temple_binary, serial_shops,
          nicolae_shop_bloodbath_and_beyond, serial_rivers,
          chequers_serial_rivers_room_b, chequers_serial_rivers_micro_c,
          chequers_serial_rivers_micro_d, chequers_serial_rivers_small_b,
          minmay_misc_feat_cross, uniq_menkaure
D:8:      layout_gridville, enter_bailey_5, lightli_corner_chamber
D:9:      layout_basic
D:10:     lemuel_ice_spiral_2, layout_rooms, overflow_temple_1_default,
          david_lair_shrubbed, nicolae_shop_i_like_big_books, uniq_lodul
D:11:     layout_loops_ring, erik_orc_2, gauntlet_entry_generic, serial_demonic,
          serial_demonic_f, serial_demonic_g, serial_demonic_b, serial_demonic_a
D:12:     layout_loops_ring
D:13:     hangedman_cross_stitches, layout_irregular_city, minmay_misc_feat_rows
D:14:     lemuel_ice_statue, layout_basic, david_vaults_2,
          nicolae_gozag_seed_capital
D:15:     gammafunk_depths_entry_grave, layout_layer_cave, okawaru_gym_becter,
          xom_teletrap_fun, uniq_roxanne, uniq_nessos
Temple:   nicolae_temple_bog_church
Lair:1:   layout_cave_shapes, nicolae_quartered_pool_super, kennysheep_rathole
Lair:2:   layout_long_grid, minmay_shoals_entry_hut,
          hellmonk_spider_entry_life_and_decay, lemuel_oklob_altar
Lair:3:   layout_roguey
Lair:4:   layout_cave_pods
Lair:5:   cheibrodos_lair_end_hotspot, layout_gridlike, dpeg_slime_entry_corner,
          st_stairs_4, minivault_19, disabler_island, serial_bayou_shore_a
Shoals:1: layout_shoals
Shoals:2: layout_shoals, gammafunk_ghost_berserking_beasts,
          nicolae_shoals_cliffside_cave, nicolae_shoals_lost_giant_pillars
Shoals:3: layout_shoals
Shoals:4: shoals_end_hangedman, layout_shoals, shoals_ilsuiw_ice,
          lemuel_centaur_altar, uniq_bai_suzhen
Spider:1: layout_spider_delve, guppyfry_hornet_nest
Spider:2: layout_spider_delve, uniq_donald
Spider:3: layout_spider_delve, nicolae_spider_eight_legs, uniq_jorgrun
Spider:4: floodkiller_spider_rune_tomb, worms_lemuel
Orc:1:    layout_diamond_mine, serial_shops,
          nicolae_shop_temple_entry_statues_fountains
Orc:2:    st_orc_mages, layout_caves, serial_shops, shop,
          hellmonk_bongcloud_opening, mines4_lemuel
Elf:1:    minmay_elf_arrival_circle, layout_gridlike,
          gammafunk_ghost_fury_of_okawaru, portal_ice_cave_entry_dragon,
          hangedman_elven_crosses_minicolossus
Elf:2:    elven_hall_of_blades_hangedman_alternative
          [nicolae_blade_entry_diamond_columns], layout_onion_city,
          nicolae_elf_blasts_and_bolts, uniq_zenata, uniq_saint_roka
Elf:3:    elf_hall_gauntlet_narrow, layout_loops_ring, serial_shops,
          bzr_in_the_mist, nicolae_elf_archery_training
Vaults:1: lightli_enter_wizlab_magi_temple, v_pattern_1, v_misc_10,
          vaults_dpeg_encased_lava, nicolae_vaults_little_squares_2,
          nicolae_vaults_display_case, vaults_room_mumra_shop_pool,
          hangedman_vaults_slice, layout_vaults_chaotic_city
Vaults:2: ontoclasm_vaults_loading_screen, vaults_room_grunt_arrival_ludios,
          nicolae_vaults_network_star, emtedronai_trogs_sanctum,
          nicolae_vaults_alarming, vaults_room_grunt_arrival_checkpoint,
          vaults_room_door_ring, grunt_vaults_diagonal, grunt_vaults_swirl,
          grunt_vaults_hallway_short, dpeg_vaults_monster_box,
          vaults_dpeg_emergency_exit, serial_ice_h, ontoclasm_vaults_fault,
          nicolae_vaults_rhombus_7, nicolae_vaults_little_squares_1,
          ontoclasm_vaults_decontamination, layout_vaults_omnicross,
          serial_shops, nicolae_shop_trees
Vaults:3: nzn_ghost_randoct, minmay_crypt_entry_necro_gods, v_rooms_2,
          st_hourglassy, v_misc_27, nicolae_vaults_little_ls,
          hangedman_vaults_snaps, nicolae_vaults_hallways_thing,
          nicolae_vaults_three_branches, hangedman_vaults_trim,
          hangedman_vaults_unwind, vaults_mumra_chevron, layout_vaults_omnibox,
          serial_shops, shop_coins, shop, shop
Vaults:4: gammafunk_ghost_tricky_traps, st_cells, ontoclasm_vaults_ring_square,
          nicolae_vaults_border_crossing, grunt_vaults_bifocal,
          vaults_room_hallway, ontoclasm_vaults_misaligned,
          nicolae_vaults_little_squares_5, grunt_vaults_hallway_short,
          nicolae_vaults_angled_halls, vaults_room_pool, layout_vaults_ring,
          uniq_margery
Vaults:5
Crypt:1:  layout_gridlike, st_burial_chamber, grunt_crypt_arrival_guarded_gate
Crypt:2:  layout_misc_corridors, grunt_ministairs_12, grunt_megastairs_3
Crypt:3:  lightli_unholy_cathedral, layout_chaotic_city,
          nicolae_tomb_entry_grand_gallery, grunt_megastairs_4
Tomb:1
Depths:1: layout_cave_pools, nicolae_dithmenos_the_darkroom, hell_entry,
          hangedman_blasphemy, uniq_asterion
Depths:2: kennysheep_demon_jail, layout_long_grid, minivault_11,
          hangedman_tar_grid_catacomb, rand_demon_pan_entry_8
Depths:3: minmay_the_grid_four_pointed_star
          [minmay_the_grid_triangle_9x9_warning,
          minmay_the_grid_triangle_9x9_stretched_checkered,
          minmay_the_grid_triangle_9x9_windchime,
          minmay_the_grid_triangle_9x9_fully_insulated_deathbox,
          minmay_the_grid_prize_inner_circle], layout_gridlike, pf_coc_iceberg,
          abyss_entry, tso_oasis_becter, infiniplex_staircase_pillars_3b
Depths:4: grunt_zot_entry_tricorne, layout_honeycomb, enter_ziggurat_c,
          grunt_decor_arrowhead, hell_entry, abyss_entry,
          hangedman_decor_growths, hangedman_summoners_spam,
          serial_bayou_shore_b
Hell
Zot:1:    layout_concentric_octagons, uniq_josephina

Skill      XL: |  1  2  3  4  5  6  7  8  9 10 11 12 13 14 15 16 17 18 19 20 21 22 23 24 |
---------------+-------------------------------------------------------------------------+-----
Axes           | 4 5 6 7 9 10 13 15 16 18 | 18.0
Fighting       | 4 5 6 8 9 10 11 12 13 15 16 18 19 20 21 22 23 24 25 | 25.6
Armour         | 3 4 5 6 7 9 10 11 12 13 15 16 17 19 20 21 22 23 24 25 | 25.5
Shields        | 1 2 3 4 5 6 8 9 10 11 13 14 16 17 19 20 21 22 23 24 25 | 25.3
Dodging        | 3 4 5 6 8 9 10 11 13 16 17 18 19 20 21 22 23 24 25 | 25.1
Stealth        | 4 |  4.8

Action                   |  1- 3 |  4- 6 |  7- 9 | 10-12 | 13-15 | 16-18 | 19-21 | 22-24 || total
-------------------------+-------+-------+-------+-------+-------+-------+-------+-------++-------
Melee: Hand axe          |    81 |    77 |   215 |       |       |       |       |       ||   373
       Headbutt          |     9 |     9 |    60 |    32 |   254 |   371 |   363 |   464 ||  1562
       War axe           |       |       |   116 |    10 |       |       |       |       ||   126
       Broad axe         |       |       |       |   203 |  1089 |  1377 |  1130 |  1551 ||  5350
       Long sword        |       |       |       |       |    20 |     4 |       |       ||    24
       Bite              |       |       |       |       |       |       |       |   172 ||   172
Throw: Javelin           |       |       |       |       |     4 |       |       |       ||     4
Invok: Berserk           |     2 |     2 |     8 |     5 |    15 |     9 |     9 |     3 ||    53
       Trog's Hand       |       |       |     5 |     2 |     6 |    13 |    11 |    26 ||    63
       Brothers in Arms  |       |       |       |       |     4 |    11 |    12 |    10 ||    37
  Use: Scroll            |       |       |     9 |     6 |    16 |    25 |    10 |    21 ||    87
       Potion            |       |       |       |     3 |     4 |    10 |     3 |    16 ||    36
 Stab: Distracted        |       |       |       |       |       |     5 |       |     3 ||     8
       Confused          |       |       |       |       |       |     4 |    13 |     3 ||    20
       Petrifying        |       |       |       |       |       |     1 |       |     1 ||     2
       Paralysed         |       |       |       |       |       |     2 |     4 |    10 ||    16
Armor: Animal skin       |     7 |       |       |       |       |       |       |       ||     7
       Scale mail        |    24 |    32 |    31 |       |       |       |       |       ||    87
       Plate armour      |       |       |    71 |   121 |   325 |   492 |   448 |   547 ||  2004
       Chain mail        |       |       |       |       |   112 |   102 |       |       ||   214
       Skin              |       |       |       |       |       |       |       |     7 ||     7
Dodge: Dodged            |    53 |    30 |   111 |   110 |   428 |   680 |   357 |   387 ||  2156
Block: Buckler           |     5 |    14 |    57 |    57 |   286 |       |       |       ||   419
       Kite shield       |       |       |       |       |    99 |   883 |   908 |  1393 ||  3283
       Reflection        |       |       |       |       |       |       |   102 |    81 ||   183

Table legend: (Time is in decaauts)
 A = Elapsed time spent in this place.
 B = Non-inter-level travel time spent in this place.
 C = Inter-level travel time spent in this place.
 D = Time resting spent in this place.
 E = Time spent auto-exploring this place.
 F = Levels seen in this place.
 G = Mean time per level.
                   A        B        C        D        E       F      G
               +--------+--------+--------+--------+--------+-----+--------+
         Total | 110824 | 110824 |      0 |  52883 |  27617 |  53 | 2091.0 |
       Dungeon |  28108 |  28108 |      0 |  13550 |   8373 |  15 | 1873.9 |
        Temple |    173 |    173 |      0 |      0 |    124 |   1 |  173.0 |
          Lair |  11295 |  11295 |      0 |   5881 |   3599 |   5 | 2259.0 |
        Shoals |  11115 |  11115 |      0 |   5162 |   2375 |   4 | 2778.8 |
   Spider Nest |  10746 |  10746 |      0 |   6309 |   2422 |   4 | 2686.5 |
  Orcish Mines |   3863 |   3863 |      0 |   1538 |    835 |   2 | 1931.5 |
   Elven Halls |   8624 |   8624 |      0 |   4498 |   2013 |   3 | 2874.7 |
        Vaults |  15033 |  15033 |      0 |   5609 |   3835 |   5 | 3006.6 |
         Crypt |   7430 |   7430 |      0 |   3655 |   1659 |   3 | 2476.7 |
          Tomb |     14 |     14 |      0 |      0 |      0 |   1 |   14.0 |
        Depths |  10574 |  10574 |      0 |   4372 |   2051 |   4 | 2643.5 |
          Hell |      3 |      3 |      0 |      0 |      0 |   1 |    3.0 |
           Zot |    390 |    390 |      0 |    149 |     90 |   1 |  390.0 |
        Bailey |   1239 |   1239 |      0 |    886 |    126 |   1 | 1239.0 |
      Ice Cave |    892 |    892 |      0 |    446 |    113 |   1 |  892.0 |
        Wizlab |    155 |    155 |      0 |    100 |      0 |   1 |  155.0 |
      Gauntlet |   1164 |   1164 |      0 |    724 |      0 |   1 | 1164.0 |
               +--------+--------+--------+--------+--------+-----+--------+

Top non-repeatable levels by time:
Spider:4: 4639 daAuts
Vaults:4: 4117 daAuts
    D:15: 4035 daAuts
Shoals:1: 3902 daAuts
  Lair:5: 3251 daAuts
    D:13: 3184 daAuts
Depths:4: 3166 daAuts
   Elf:1: 3073 daAuts
   Elf:2: 3058 daAuts
Vaults:2: 3015 daAuts
Vaults:3: 2977 daAuts
   Orc:2: 2960 daAuts
 Crypt:2: 2904 daAuts
Depths:3: 2869 daAuts
    D:12: 2802 daAuts
